 Dungeon Crawl Stone Soup version 0.14-a0-1590-g25a9b7f (webtiles) character file.

1834 Ololoev the Prestidigitator (level 8, 0/37 HPs)
             Began as a Spriggan Artificer on Dec 24, 2013.
             Slain by a centaur (4 damage)
             ... on Level 5 of the Dungeon.
             The game lasted 00:39:19 (8148 turns).

Ololoev the Prestidigitator (Spriggan Artificer)    Turns: 8148, Time: 00:39:19

HP   0/37        AC  2     Str  9      XL: 8   Next: 64%
MP  24/24        EV 18     Int 14      God:
Gold 219         SH  0     Dex 16      Spells:  0 memorised,  7 levels left

rFire  . . .     SeeInvis +     o - +1,-1 cutlass
rCold  + . .     Clarity  .     a - +0 robe {rC+}
rNeg   . . .     Conserve .     (shield restricted)
rPois  .         rCorr    .     (helmet restricted)
rElec  .         rRot     .     (no cloak)
SustAb . .       Spirit   .     (gloves unavailable)
rMut   .         Warding  .     (boots unavailable)
Saprov . . .     Stasis   .     (no amulet)
                                (no ring)
                                u - ring of flight

@: very quick, somewhat resistant to hostile enchantments, very stealthy
A: unfitting armour, see invisible, herbivore 3, speed 3, slow metabolism 2
a: Evoke Flight


You were on level 5 of the Dungeon.
You were not hungry.

You visited 2 branches of the dungeon, and saw 6 of its levels.

You collected 219 gold pieces.

Inventory:

Hand weapons
 o - a +1,-1 cutlass (weapon)
 t - a +0,+0 bow
Missiles
 e - 10 poisoned needles
 h - 2 darts (quivered)
 i - 7 arrows
Armour
 a - a +0 robe of cold resistance (worn)
Magical devices
 c - a wand of enslavement (0)
 q - a wand of fireball (0)
Comestibles
 p - 2 bread rations
Scrolls
 k - 2 scrolls of fog
 l - 5 scrolls of teleportation
Jewellery
 j - an uncursed amulet of resist corrosion
 u - a ring of flight (left hand)
Potions
 b - a potion of speed {unknown}
 f - a potion of porridge
 g - a potion of resistance {unknown}
 m - a potion of heal wounds {unknown}
 n - 2 potions of curing
 r - a potion of paralysis {unknown}
 s - a potion of lignification {unknown}
Books
 v - a book of Flames

   Spells                             Type                      Level
   Flame Tongue                       Conjuration/Fire             1
   Throw Flame                        Conjuration/Fire             2
   Conjure Flame                      Conjuration/Fire             3
   Inner Flame                        Hexes/Fire                   3
   Sticky Flame                       Conjuration/Fire             4
   Fireball                           Conjuration/Fire             5


   Skills:
 - Level 0.7 Fighting
 - Level 8.1 Short Blades
 + Level 1.8 Throwing
 - Level 3.0 Dodging
 - Level 7.0 Stealth
 - Level 10.0 Evocations


You had 7 spell levels left.
You didn't know any spells.

Dungeon Overview and Level Annotations

Branches:
Dungeon (5/16)             Temple (1/1) D:5

Altars:
Cheibriados
Elyvilon
Fedhas
Kikubaaqudgha
Okawaru
Trog
Xom
Zin
the Shining One


Innate Abilities, Weirdness & Mutations

You are tiny and cannot use many weapons and most armour.
You have supernaturally acute eyesight.
You are a herbivore.
You cover ground extremely quickly.
You need consume almost no food.


Message History

The centaur closely misses you.
You hit the centaur.
The centaur is almost dead.
The centaur hits you!
* * * LOW HITPOINT WARNING * * *
The centaur misses you.
You hit the centaur but do no damage.
The centaur is almost dead.
The centaur closely misses you.
You hit the centaur.
The centaur is almost dead.
The centaur closely misses you.
You barely miss the centaur.
The centaur is almost dead.
The centaur hits you.
* * * LOW HITPOINT WARNING * * *
You completely miss the centaur.
The centaur is almost dead.
The centaur hits you.
You die...

............##.#.#............#.#
............#..#.#.......####.#.#
............#..#.#.......# #.#.#
............##.#.#.......####.#.#
.###..........<..#..............#
##################.......####.###
................................'
.########.......##.......####.###
........'.......@........# #.# #
.########......c#..#.##### #.# #
.##.............#..#.# #.# #
.##.............#..#.# #.# #
.##........§.......#.# #.# #
.##........§§...##.#.# #.# #
.....).....§....##.#.#### #.# #
.......#................# #.# #
####...#................#####.###


You could see a centaur.

Vanquished Creatures
  Pikel (D:4)
  Eustachio (D:4)
  3 ogres
  2 centaurs
  Sigmund (D:2)
  A jelly (D:5)
  2 hounds (D:4)
  A crimson imp (D:5)
  A centaur skeleton (D:5)
  A giant frog skeleton (D:4)
  An iguana (D:4)
  4 worker ants
  A black bear skeleton (D:5)
  An ogre skeleton (D:4)
  Terence (D:3)
  4 adders
  3 giant geckos
  4 orcs
  8 bats
  A bat skeleton (D:4)
  5 giant cockroaches
  7 hobgoblins
  11 jackals
  2 quokkas
  A ball python (D:3)
  6 giant newts
  11 goblins
  10 kobolds
  13 rats
108 creatures vanquished.

Vanquished Creatures (collateral kills)
  A worker ant (D:4)
  A kobold (D:4)
2 creatures vanquished.

Vanquished Creatures (others)
  2 slaves (D:4)
  A worker ant (D:4)
  An adder (D:4)
  A giant cockroach (D:4)
  A bat (D:4)
  A kobold (D:4)
  A rat (D:4)
8 creatures vanquished.

Grand Total: 118 creatures vanquished

Notes
Turn   | Place    | Note
--------------------------------------------------------------
     0 | D:1      | Ololoev, the Spriggan Artificer, began the quest for the Orb.
     0 | D:1      | Reached XP level 1. HP: 9/9 MP: 2/2
   104 | D:1      | Noticed a troll
   355 | D:1      | Reached XP level 2. HP: 12/14 MP: 5/5
  1326 | D:2      | Reached XP level 3. HP: 17/17 MP: 8/8
  1448 | D:2      | Noticed Sigmund
  1476 | D:2      | Killed Sigmund
  1476 | D:2      | Reached skill level 7 in Stealth
  1476 | D:2      | Reached XP level 4. HP: 8/21 MP: 10/10
  2313 | D:2      | Noticed a centaur
  2335 | D:2      | Killed a centaur
  2335 | D:2      | Reached XP level 5. HP: 25/25 MP: 13/13
  2745 | D:4      | Noticed a slave
  2747 | D:4      | Noticed Pikel
  2747 | D:4      | Noticed a slave
  2747 | D:4      | Noticed a slave
  2747 | D:4      | Noticed Eustachio
  2812 | D:4      | Noticed a slave
  2835 | D:4      | Killed Eustachio
  2835 | D:4      | Reached skill level 5 in Short Blades
  2835 | D:4      | Reached XP level 6. HP: 4/29 MP: 16/16
  2908 | D:4      | Killed Pikel
  2908 | D:4      | Reached skill level 8 in Short Blades
  2908 | D:4      | Reached XP level 7. HP: 8/32 MP: 18/18
  2976 | D:4      | Killed a freed slave
  3125 | D:4      | Killed a freed slave
  3483 | D:3      | Found a glowing golden altar of the Shining One.
  3607 | D:3      | Noticed Terence
  3740 | D:3      | Killed Terence
  4807 | D:4      | Noticed an ogre
  4810 | D:4      | Killed an ogre
  4810 | D:4      | Reached skill level 5 in Evocations
  4885 | D:4      | Noticed an ogre
  4914 | D:4      | Killed an ogre
  4914 | D:4      | Reached XP level 8. HP: 37/37 MP: 20/22
  5727 | D:5      | Entered Level 5 of the Dungeon
  5848 | D:5      | Found a staircase to the Ecumenical Temple.
  5869 | Temple   | Entered the Ecumenical Temple
  6788 | D:5      | Reached skill level 9 in Evocations
  7685 | D:5      | Reached skill level 10 in Evocations
  7861 | D:5      | Reached skill level 1 in Throwing
  8148 | D:5      | Slain by a centaur

Action                   |  1- 3 |  4- 6 |  7- 9 || total
-------------------------+-------+-------+-------++-------
Melee: Short sword       |    65 |    49 |       ||   114
       Cutlass           |       |    25 |   290 ||   315
 Fire: Bow               |       |       |    17 ||    17
Throw: Dart              |       |       |     2 ||     2
Evoke: Wand              |    14 |    18 |    19 ||    51
  Use: Scroll            |       |     4 |    12 ||    16
 Stab: Sleeping          |     3 |    11 |     7 ||    21
       Paralysed         |       |     3 |       ||     3
       Distracted        |       |       |     2 ||     2
